| TOP OF THE 1ST |
|
Kannapolis Intimidators batting - Pitching for Greenville Drive : RHP John LaMotte
|
|
Pitching: RHP John LaMotte
|
|
|
Batting: SHB Andres Agudo
|
0-0: Foul Ball, location: 2F 0-1: Ball 1-1: Foul Ball, location: 2F 1-2: Strikes out swinging
|
|
Batting: RHB Kaoru Hamada
|
0-0: Swinging Strike 0-1: Called Strike 0-2: Foul Ball, location: 2F 0-2: Ball 1-2: Ball 2-2: Ball 3-2: Strikes out swinging
|
|
Batting: LHB Jesus Ramirez
|
0-0: Ball 1-0: Ball 2-0: Foul Ball, location: 2F 2-1: Foul Ball, location: 2F 2-2: Foul Ball, location: 2F 2-2: Ground out 4-3 (Groundball, 4, EV 100.6 MPH)
|
| Top of the 1st over - 0 runs, 0 hits, 0 errors, 0 left on base; Kannapolis 0 - Greenville 0 |
| BOTTOM OF THE 1ST |
|
Greenville Drive batting - Pitching for Kannapolis Intimidators : RHP Alje Velders
|
|
Pitching: RHP Alje Velders
|
|
|
Batting: RHB Aukukero Tairi
|
0-0: Ball 1-0: Ball 2-0: Ball 3-0: Called Strike 3-1: DOUBLE (Flyball, 78D, EV 94.4 MPH)
|
|
Batting: SHB Salvador Padilla
|
0-0: Called Strike 0-1: Foul Ball, location: 2F 0-2: Ball 1-2: SINGLE (Groundball, 6MD, EV 99.4 MPH) (infield hit) Aukukero Tairi to third
|
|
Batting: SHB Robert Soto
|
0-0: Ball 1-0: Foul Ball, location: 2F 1-1: Ball 2-1: Ball 3-1: Base on Balls Salvador Padilla to second
|
|
Batting: LHB Danny Montoya
|
0-0: Fielders Choice at 2nd, 4-6 (Groundball, 4, EV 78.1 MPH) Aukukero Tairi scores Salvador Padilla to third
|
|
Batting: RHB Alex Cardenas
|
0-0: Swinging Strike 0-1: Foul Ball, location: 2F 0-2: Strikes out swinging
|
|
Batting: RHB Adugna Chandu
|
0-0: Ball 1-0: Ball 2-0: Called Strike 2-1: Ball 3-1: Base on Balls Danny Montoya to second
|
|
Batting: RHB Mario Arriero
|
0-0: Ball 1-0: Called Strike 1-1: SINGLE (Groundball, 4S, EV 69.4 MPH) (infield hit) Salvador Padilla scores Danny Montoya to third Adugna Chandu to second
|
|
Batting: LHB Robert Gonzalez
|
0-0: Called Strike 0-1: Called Strike 0-2: Foul Ball, location: 2F 0-2: Ball 1-2: Strikes out looking
|
| Bottom of the 1st over - 2 runs, 3 hits, 0 errors, 3 left on base; Kannapolis 0 - Greenville 2 |
| TOP OF THE 2ND |
|
Kannapolis Intimidators batting - Pitching for Greenville Drive : RHP John LaMotte
|
|
Batting: RHB Corey Dalton
|
0-0: Fly out, F8 (Flyball, 8RXD, EV 101.2 MPH)
|
|
Batting: RHB Ethan McCullough
|
0-0: Ball 1-0: Called Strike 1-1: Ground out U3 (Groundball, 3, EV 100.0 MPH)
|
|
Batting: RHB Nick Kleckner
|
0-0: Fly out, F9 (Flyball, 9D, EV 93.1 MPH)
|
| Top of the 2nd over - 0 runs, 0 hits, 0 errors, 0 left on base; Kannapolis 0 - Greenville 2 |
| BOTTOM OF THE 2ND |
|
Greenville Drive batting - Pitching for Kannapolis Intimidators : RHP Alje Velders
|
|
Batting: RHB Bobby Schimke
|
0-0: Called Strike 0-1: Foul Ball, location: 2F 0-2: Ball 1-2: Ball 2-2: Ball 3-2: Foul Ball, location: 2F 3-2: Base on Balls
|
|
Batting: RHB Aukukero Tairi
|
0-0: Called Strike 0-1: Fielders Choice at 2nd, 6-4 (Groundball, 6, EV 86.9 MPH)
|
|
Batting: SHB Salvador Padilla
|
0-0: Called Strike 0-1: Foul Ball, location: 2F 0-2: Ball Aukukero Tairi is caught stealing 2nd base 2-6 1-2: Ball 2-2: Foul Ball, location: 2F 2-2: Foul Ball, location: 2F 2-2: Ball 3-2: Strikes out looking
|
| Bottom of the 2nd over - 0 runs, 0 hits, 0 errors, 0 left on base; Kannapolis 0 - Greenville 2 |
| TOP OF THE 3RD |
|
Kannapolis Intimidators batting - Pitching for Greenville Drive : RHP John LaMotte
|
|
Batting: RHB Toichiro Fujimoto
|
0-0: Called Strike 0-1: Called Strike 0-2: Ball 1-2: Ball 2-2: Fly out, F4 (Popup, 34S, EV 84.4 MPH)
|
|
Batting: SHB Noah Long
|
0-0: Ball 1-0: Called Strike 1-1: Foul Ball, location: 2F 1-2: SOLO HOME RUN (Flyball, 78XD, EV 110.6 MPH), Distance : 407 ft
|
|
Batting: LHB Jose Pereyra
|
0-0: Ball 1-0: Ball 2-0: Ground out 4-3 (Groundball, 4M, EV 77.5 MPH)
|
|
Batting: SHB Andres Agudo
|
0-0: Ball 1-0: Ball 2-0: Called Strike 2-1: Fly out, F7 (Flyball, 7S, EV 85.0 MPH)
|
| Top of the 3rd over - 1 run, 1 hit, 0 errors, 0 left on base; Kannapolis 1 - Greenville 2 |
| BOTTOM OF THE 3RD |
|
Greenville Drive batting - Pitching for Kannapolis Intimidators : RHP Alje Velders
|
|
Batting: SHB Robert Soto
|
0-0: Ball 1-0: Called Strike 1-1: Fly out, F8 (Line Drive, 8LD, EV 105.0 MPH)
|
|
Batting: LHB Danny Montoya
|
0-0: Foul Ball, location: 2F 0-1: Ground out 4-3 (Groundball, 34, EV 104.4 MPH)
|
|
Batting: RHB Alex Cardenas
|
0-0: Ball 1-0: Foul Ball, location: 2F 1-1: Called Strike 1-2: Foul Ball, location: 2F 1-2: Foul Ball, location: 2F 1-2: Ball 2-2: Ball 3-2: Foul Ball, location: 2F 3-2: SINGLE (Groundball, 4D, EV 95.0 MPH)
|
|
Batting: RHB Adugna Chandu
|
0-0: Fly out, F9 (Flyball, 9D, EV 86.9 MPH)
|
| Bottom of the 3rd over - 0 runs, 1 hit, 0 errors, 1 left on base; Kannapolis 1 - Greenville 2 |
| TOP OF THE 4TH |
|
Kannapolis Intimidators batting - Pitching for Greenville Drive : RHP John LaMotte
|
|
Batting: RHB Kaoru Hamada
|
0-0: Called Strike 0-1: DOUBLE (Line Drive, 3D, EV 109.4 MPH)
|
|
Batting: LHB Jesus Ramirez
|
0-0: Ball Kaoru Hamada is caught stealing 3rd base 2-5 1-0: SOLO HOME RUN (Flyball, 9D, EV 104.4 MPH), Distance : 390 ft
|
|
Batting: RHB Corey Dalton
|
0-0: Ball 1-0: Foul Ball, location: 2F 1-1: Ball 2-1: Swinging Strike 2-2: Foul Ball, location: 2F 2-2: Foul Ball, location: 2F 2-2: Strikes out swinging
|
|
Batting: RHB Ethan McCullough
|
0-0: Ground out 6-3 (Groundball, 6, EV 100.6 MPH)
|
| Top of the 4th over - 1 run, 2 hits, 0 errors, 0 left on base; Kannapolis 2 - Greenville 2 |
| BOTTOM OF THE 4TH |
|
Greenville Drive batting - Pitching for Kannapolis Intimidators : RHP Alje Velders
|
|
Batting: RHB Mario Arriero
|
0-0: DOUBLE (Groundball, 5L, EV 107.5 MPH)
|
|
Batting: LHB Robert Gonzalez
|
0-0: Called Strike 0-1: Swinging Strike 0-2: Strikes out looking
|
|
Batting: RHB Bobby Schimke
|
0-0: Called Strike 0-1: Ball Wild Pitch! Mario Arriero to third 1-1: Ball Wild Pitch! Mario Arriero scores 2-1: Ball 3-1: Base on Balls
|
|
Batting: RHB Aukukero Tairi
|
0-0: Fielders Choice at 2nd, 6-4 (Groundball, 6, EV 105.0 MPH)
|
|
Batting: SHB Salvador Padilla
|
0-0: Fly out, F7 (Flyball, 7, EV 71.9 MPH)
|
| Bottom of the 4th over - 1 run, 1 hit, 0 errors, 1 left on base; Kannapolis 2 - Greenville 3 |
| TOP OF THE 5TH |
|
Kannapolis Intimidators batting - Pitching for Greenville Drive : RHP John LaMotte
|
|
Batting: RHB Nick Kleckner
|
0-0: Ball 1-0: Called Strike 1-1: Foul Ball, location: 2F 1-2: Ball 2-2: Strikes out looking
|
|
Batting: RHB Toichiro Fujimoto
|
0-0: Ball 1-0: Ground out 3-1 (Groundball, 34, EV 89.4 MPH)
|
|
Batting: SHB Noah Long
|
0-0: Called Strike 0-1: Ball 1-1: Foul Ball, location: 2F 1-2: Strikes out swinging
|
| Top of the 5th over - 0 runs, 0 hits, 0 errors, 0 left on base; Kannapolis 2 - Greenville 3 |
| BOTTOM OF THE 5TH |
|
Greenville Drive batting - Pitching for Kannapolis Intimidators : RHP Alje Velders
|
|
Batting: SHB Robert Soto
|
0-0: Foul Ball, location: 2F 0-1: Ball 1-1: Ball 2-1: Called Strike 2-2: Strikes out looking
|
|
Batting: LHB Danny Montoya
|
0-0: Swinging Strike 0-1: Ball 1-1: Ground out 4-3 (Groundball, 4, EV 87.5 MPH)
|
|
Batting: RHB Alex Cardenas
|
0-0: Swinging Strike 0-1: Foul Ball, location: 2F 0-2: Ball 1-2: Foul Ball, location: 2F 1-2: Ball 2-2: Ball 3-2: Foul Ball, location: 2F 3-2: Foul Ball, location: 2F 3-2: SINGLE (Groundball, 34D, EV 107.5 MPH)
|
|
Pitching: LHP Keith O'Brien
|
|
|
Batting: RHB Adugna Chandu
|
0-0: Foul Ball, location: 2F 0-1: Swinging Strike 0-2: Fly out, F6 (Popup, 56, EV 56.2 MPH)
|
| Bottom of the 5th over - 0 runs, 1 hit, 0 errors, 1 left on base; Kannapolis 2 - Greenville 3 |
| TOP OF THE 6TH |
|
Kannapolis Intimidators batting - Pitching for Greenville Drive : RHP John LaMotte
|
|
Batting: LHB Jose Pereyra
|
0-0: Ball 1-0: Ground out 4-3 (Groundball, 4, EV 84.4 MPH)
|
|
Batting: SHB Andres Agudo
|
0-0: Swinging Strike 0-1: Ball 1-1: Foul Ball, location: 2F 1-2: Ball 2-2: Foul Ball, location: 2F 2-2: Fly out, F9 (Flyball, 9S, EV 79.4 MPH)
|
|
Batting: RHB Kaoru Hamada
|
0-0: Foul Ball, location: 2F 0-1: SINGLE (Groundball, 56S, EV 70.0 MPH) (infield hit)
|
|
Batting: LHB Jesus Ramirez
|
0-0: Ball 1-0: Ball 2-0: Ball 3-0: Called Strike 3-1: Base on Balls Kaoru Hamada to second
|
|
Batting: RHB Corey Dalton
|
0-0: Ball 1-0: Ball 2-0: SINGLE (Groundball, 56D, EV 94.4 MPH) Kaoru Hamada to third Jesus Ramirez to second Runner from 3rd tries for Home, throw by LF and OUT! 7-2
|
| Top of the 6th over - 0 runs, 2 hits, 0 errors, 2 left on base; Kannapolis 2 - Greenville 3 |
| BOTTOM OF THE 6TH |
|
Greenville Drive batting - Pitching for Kannapolis Intimidators : LHP Keith O'Brien
|
|
Batting: RHB Mario Arriero
|
0-0: Swinging Strike 0-1: Called Strike 0-2: Foul Ball, location: 2F 0-2: Strikes out swinging
|
|
Batting: LHB Robert Gonzalez
|
0-0: Called Strike 0-1: Ball 1-1: Foul Ball, location: 2F 1-2: Foul Ball, location: 2F 1-2: Strikes out swinging
|
|
Batting: RHB Bobby Schimke
|
0-0: Foul Ball, location: 2F 0-1: Ball 1-1: Ball 2-1: Called Strike 2-2: Fly out, F8 (Flyball, 8RD, EV 101.2 MPH)
|
| Bottom of the 6th over - 0 runs, 0 hits, 0 errors, 0 left on base; Kannapolis 2 - Greenville 3 |
| TOP OF THE 7TH |
|
Kannapolis Intimidators batting - Pitching for Greenville Drive : RHP John LaMotte
|
|
Batting: RHB Ethan McCullough
|
0-0: Called Strike 0-1: Foul Ball, location: 2F 0-2: Ball 1-2: Fly out, F7 (Flyball, 7D, EV 101.9 MPH)
|
|
Batting: RHB Nick Kleckner
|
0-0: Ball 1-0: Reached on error, E5 (Groundball, 56S, EV 86.9 MPH)
|
|
Batting: RHB Toichiro Fujimoto
|
0-0: Called Strike 0-1: Ball 1-1: Ball 2-1: Ground out 6-3 (Groundball, 6, EV 107.5 MPH)
|
|
Batting: SHB Noah Long
|
0-0: Called Strike 0-1: Called Strike 0-2: Ball 1-2: Ball 2-2: Ball 3-2: Foul Ball, location: 2F 3-2: DOUBLE (Flyball, 8RXD, EV 110.6 MPH) Nick Kleckner scores
|
|
Pinch Hitting: RHB Tony Garcia
|
0-0: Ball 1-0: Called Strike 1-1: Foul Ball, location: 2F 1-2: Ball 2-2: Ground out 5-3 (Groundball, 56S, EV 85.6 MPH)
|
| Top of the 7th over - 1 run, 1 hit, 1 error, 1 left on base; Kannapolis 3 - Greenville 3 |
| BOTTOM OF THE 7TH |
|
Greenville Drive batting - Pitching for Kannapolis Intimidators : LHP Keith O'Brien
|
|
Pitching: RHP Matt Christensen
|
|
|
Now in RF: Miguel Pacheco
|
|
|
Pinch Hitting: LHB Eddie Contreras
|
0-0: Ball 1-0: Ball 2-0: Foul Ball, location: 2F 2-1: Ball 3-1: Base on Balls
|
|
Batting: SHB Salvador Padilla
|
0-0: Sac Bunt to 25 - play at first, batter OUT! 5-4 Eddie Contreras to second
|
|
Batting: SHB Robert Soto
|
0-0: Called Strike 0-1: Swinging Strike 0-2: Foul Ball, location: 2F 0-2: Strikes out swinging, 2-3 out at first.
|
|
Batting: LHB Danny Montoya
|
0-0: Called Strike 0-1: Ball 1-1: Ball 2-1: Ball 3-1: Foul Ball, location: 2F 3-2: Base on Balls
|
|
Pinch Runner at 2nd Carlos Guerra:
|
|
|
Batting: RHB Alex Cardenas
|
0-0: Ball 1-0: Swinging Strike 1-1: Called Strike 1-2: Ball 2-2: Strikes out swinging
|
| Bottom of the 7th over - 0 runs, 0 hits, 0 errors, 2 left on base; Kannapolis 3 - Greenville 3 |
| TOP OF THE 8TH |
|
Kannapolis Intimidators batting - Pitching for Greenville Drive : RHP John LaMotte
|
|
Now in LF: Carlos Guerra
|
|
|
Now in CF: Mario Arriero
|
|
|
Batting: SHB Andres Agudo
|
0-0: Ball 1-0: Ball 2-0: Foul Ball, location: 2F 2-1: Swinging Strike 2-2: Foul Ball, location: 2F 2-2: Ball 3-2: Foul Ball, location: 2F 3-2: Strikes out swinging
|
|
Pitching: RHP Ross Ratcliffe
|
|
|
Pinch Hitting: LHB Ryan Dyal
|
0-0: Ball 1-0: Ball 2-0: Ball 3-0: Called Strike 3-1: Base on Balls
|
|
Batting: LHB Jesus Ramirez
|
0-0: Ball 1-0: Ball 2-0: Called Strike 2-1: Grounds into double play, 4-6-3 (Groundball, 4M, EV 86.9 MPH)
|
| Top of the 8th over - 0 runs, 0 hits, 0 errors, 0 left on base; Kannapolis 3 - Greenville 3 |
| BOTTOM OF THE 8TH |
|
Greenville Drive batting - Pitching for Kannapolis Intimidators : RHP Matt Christensen
|
|
Pitching: RHP Dave Rosado
|
|
|
Now at SS: Kunimatsu Oya
|
|
|
Now in CF: Andres Agudo
|
|
|
Batting: RHB Adugna Chandu
|
0-0: Ball 1-0: Foul Ball, location: 2F 1-1: Ball 2-1: Fly out, F8 (Flyball, 8LM, EV 88.1 MPH)
|
|
Batting: RHB Mario Arriero
|
0-0: Ball 1-0: Called Strike 1-1: Ground out 4-3 (Groundball, 13, EV 85.0 MPH)
|
|
Batting: LHB Robert Gonzalez
|
0-0: Ground out 5-3 (Groundball, 5, EV 87.5 MPH)
|
| Bottom of the 8th over - 0 runs, 0 hits, 0 errors, 0 left on base; Kannapolis 3 - Greenville 3 |
| TOP OF THE 9TH |
|
Kannapolis Intimidators batting - Pitching for Greenville Drive : RHP Ross Ratcliffe
|
|
Pitching: LHP Josh Turner
|
|
|
Batting: RHB Corey Dalton
|
0-0: Ball 1-0: Ball 2-0: Called Strike 2-1: Swinging Strike 2-2: SOLO HOME RUN (Flyball, 78XD, EV 106.9 MPH), Distance : 423 ft
|
|
Batting: RHB Ethan McCullough
|
0-0: Called Strike 0-1: Ball 1-1: Ball 2-1: Ball 3-1: Foul Ball, location: 2F 3-2: Strikes out swinging
|
|
Batting: RHB Nick Kleckner
|
0-0: Ball 1-0: Ball 2-0: Foul Ball, location: 2F 2-1: Swinging Strike 2-2: Ball 3-2: Foul Ball, location: 2F 3-2: Foul Ball, location: 2F 3-2: SOLO HOME RUN (Flyball, 7D, EV 103.8 MPH), Distance : 408 ft
|
|
Batting: RHB Toichiro Fujimoto
|
0-0: Called Strike 0-1: SINGLE (Groundball, 34D, EV 103.1 MPH)
|
|
Pitching: RHP Tyler Tomblin
|
|
|
Batting: SHB Noah Long
|
0-0: Ball 1-0: Ball 2-0: Fielders Choice at 2nd, 5-4 (Groundball, 56, EV 90.6 MPH)
|
|
Batting: RHB Miguel Pacheco
|
0-0: Ball Noah Long steals 2nd base 1-0: Called Strike 1-1: Swinging Strike 1-2: Strikes out swinging
|
| Top of the 9th over - 2 runs, 3 hits, 0 errors, 1 left on base; Kannapolis 5 - Greenville 3 |
| BOTTOM OF THE 9TH |
|
Greenville Drive batting - Pitching for Kannapolis Intimidators : RHP Dave Rosado
|
|
Pitching: LHP Ray Sowers
|
|
|
Now at 1B: Luwen Storm
|
|
|
Now at 3B: Santos Guadalupe
|
|
|
Batting: RHB Bobby Schimke
|
0-0: Ball 1-0: Ground out 5-3 (Groundball, 56S, EV 71.2 MPH)
|
|
Pinch Hitting: RHB Matt Parker
|
0-0: Called Strike 0-1: Foul Ball, location: 2F 0-2: Ball 1-2: Ball 2-2: Ball 3-2: Strikes out swinging
|
|
Batting: SHB Salvador Padilla
|
0-0: Called Strike 0-1: SINGLE (Groundball, 6D, EV 110.0 MPH)
|
|
Batting: SHB Robert Soto
|
0-0: Called Strike 0-1: Ball 1-1: Ball 2-1: Swinging Strike 2-2: Ball 3-2: Foul Ball, location: 2F 3-2: Fly out, F3 (Popup, 3L, EV 80.0 MPH)
|
| Bottom of the 9th over - 0 runs, 1 hit, 0 errors, 1 left on base; Kannapolis 5 - Greenville 3 |
|